 Dungeon Crawl Stone Soup version 0.21-a0-529-g8c7b3f5 (webtiles) character file.

212 tsouns the Bolt Thrower (level 6, -3/34 HPs)
             Began as a Kobold Arcane Marksman on Dec 10, 2017.
             Slain by an iguana (6 damage)
             ... on level 4 of the Dungeon on Dec 11, 2017.
             The game lasted 00:16:28 (4148 turns).

tsouns the Bolt Thrower (Kobold Arcane Marksman)    Turns: 4148, Time: 00:16:29

Health: -3/34      AC:  5    Str:  7    XL:     6   Next: 13%
Magic:  5/9        EV: 15    Int: 16    God:
Gold:   105        SH:  0    Dex: 16    Spells: 2/9 levels left

rFire    . . .     SeeInvis +   a - +0 hand crossbow
rCold    . . .     Gourm    .   (shield restricted)
rNeg     . . .     Faith    .   e - +0 robe
rPois    .         Spirit   .   k - +1 hat
rElec    .         Reflect  .   (no cloak)
rCorr    .         Harm     .   (no gloves)
MR       .....                  g - +1 pair of boots
Stlth    +.........             (no amulet)
HPRegen  0.11/turn              b - ring of see invisible
MPRegen  0.11/turn              (no ring)

@: very slightly contaminated
A: small, carnivore 3
a: no special abilities


You were on level 4 of the Dungeon.
You were completely stuffed.

You visited 1 branch of the dungeon, and saw 4 of its levels.

You collected 105 gold pieces.

Inventory:

Hand Weapons
 a - a +0 hand crossbow (weapon)
 l - a +0 dagger
 s - a +0 war axe
 w - a +0 blowgun
 z - a +1 hand axe of flaming
Missiles
 d - 24 bolts (quivered)
 h - 5 tomahawks
 i - 139 stones
 m - 36 arrows
 v - 33 poisoned needles
Armour
 e - a +0 robe (worn)
 g - a +1 pair of boots (worn)
 k - a +1 hat (worn)
 n - a +0 leather armour
Jewellery
 b - a ring of see invisible (left hand)
Wands
 A - a wand of random effects (18)
Scrolls
 o - a scroll of immolation
 r - 2 scrolls of remove curse
 t - a scroll of blinking
 y - 2 scrolls of teleportation
Potions
 p - a potion of curing
 q - 2 potions of flight
Books
 c - a book of Debilitation

   Spells                             Type                      Level
   a - Corona                         Hexes                        1
   b - Slow                           Hexes                        2
   c - Inner Flame                    Hexes/Fire                   3
   d - Portal Projectile              Hexes/Translocation          3
   e - Cause Fear                     Hexes                        4
   f - Leda's Liquefaction            Hexes/Earth                  4
Comestibles
 f - 3 meat rations
 j - a royal jelly
 x - 2 chunks of flesh


   Skills:
 - Level 1.1 Fighting
 * Level 5.5 Crossbows
 - Level 2.4 Dodging
 + Level 2.4 Spellcasting
 + Level 4.1 Hexes


You had 2 spell levels left.
You knew the following spells:

 Your Spells              Type           Power        Failure   Level  Hunger
a - Corona                Hex            ###....      3%          1    #......
b - Slow                  Hex            ###.....     5%          2    ###....
c - Cause Fear            Hex            ###.......   34%         4    #####..


Dungeon Overview and Level Annotations

Branches:
Dungeon (4/15)
 Temple: D:4-7

Altars:
Ru
Uskayaw
Wu Jian
Yredelemnul

Annotations:
D:3 Grinder
D:4 kibaces's ghost, amateur DEIE


Innate Abilities, Weirdness & Mutations

You are small and have problems with some larger weapons.
You are carnivorous and can eat meat at any time.


Message History

Aim: an iguana (severely wounded)
You shoot a bolt. The bolt hits the iguana.
The iguana is almost dead.
The iguana bites you but does no damage.
The iguana barely misses you.
Firing (i - inventory. (,) - cycle):
d - 26 bolts (quivered)
Press: ? - help, Shift-Dir - straight line, f - leopard gecko, p - iguana
Aim: a leopard gecko You shoot a bolt.
The bolt hits the iguana but does no damage.
The iguana is almost dead.
The iguana barely misses you.
Firing (i - inventory. (,) - cycle):
d - 25 bolts (quivered)
Press: ? - help, Shift-Dir - straight line, f/p - leopard gecko
Aim: a leopard gecko You shoot a bolt.
The bolt barely misses the iguana.
The bolt hits the leopard gecko.
The leopard gecko is moderately wounded.
The iguana bites you.
You die...

................>.........#
.####...##..####...##.....#
####...###+####...########
#.......#....#.....#
#.......#....#.....#
#.......#....#.....#
#.......#....#.....#
#.......#....#l....#
##.##..##..#.@#
####.##..##..####
#.............#
#.............#
#.............#
###############


You could see an iguana.

Vanquished Creatures
  An orc priest (D:2)
  A worker ant (D:4)
  Robin (D:4)
  2 adders
  An ooze (D:3)
  3 worms (D:2)
  A dart slug (D:2)
  5 leopard geckos
  10 orcs
  2 ball pythons
  6 giant cockroaches
  11 hobgoblins
  4 jackals (D:1)
  9 kobolds
  3 bats
  8 frilled lizards
  18 goblins
  8 rats
94 creatures vanquished.

Notes
Turn   | Place    | Note
-------+----------+-------------------------------------------
     0 | D:1      | tsouns the Kobold Arcane Marksman began the quest for the Orb.
     0 | D:1      | Reached XP level 1. HP: 12/12 MP: 2/2
   196 | D:1      | Reached skill level 3 in Crossbows
   196 | D:1      | Reached XP level 2. HP: 16/16 MP: 3/3
   295 | D:1      | Learned a level 2 spell: Slow
   325 | D:1      | Reached XP level 3. HP: 20/20 MP: 4/4
  1002 | D:2      | Found an ornate altar of the Wu Jian Council.
  1134 | D:2      | Reached skill level 4 in Crossbows
  1411 | D:2      | Reached XP level 4. HP: 25/25 MP: 4/6
  2108 | D:3      | Reached XP level 5. HP: 29/29 MP: 7/7
  2336 | D:3      | Learned a level 4 spell: Cause Fear
  2590 | D:3      | Found a basalt altar of Yredelemnul.
  2712 | D:3      | Reached skill level 5 in Crossbows
  3213 | D:4      | Noticed Grinder
  3392 | D:4      | Noticed Robin
  3410 | D:4      | Killed Robin
  3424 | D:4      | Reached XP level 6. HP: 10/34 MP: 9/9
  3549 | D:4      | Noticed kibaces's ghost (amateur DEIE)
  3860 | D:4      | Found a sacrificial altar of Ru.
  3868 | D:4      | Found a hide-covered altar of Uskayaw.
  3873 | D:4      | Noticed a dagger
  3873 | D:4      | Noticed a dagger
  3978 | D:4      | Noticed a two-headed ogre
  4148 | D:4      | Slain by an iguana

Vault maps used:
D:1:      grunt_arrival_lava_bath
D:2:      wad_crossroads, lemuel_crystal_altar
D:3:      lemuel_doored_altar, gup_sewer_entry_pipe, minmay_lizard_king
D:4:      dancing_weapons_uskayaw, lemuel_crystal_altar, first_bread,
          uniq_robin, uniq_grinder

Skill      XL: |  1  2  3  4  5 |
---------------+----------------+-----
Crossbows      | 3 4 5 |  5.5
Spellcasting   | 2 |  2.4
Hexes          | 4 |  4.1
Fighting       | |  1.1
Dodging        | |  2.4

Action                   |  1- 3 |  4- 6 || total
-------------------------+-------+-------++-------
Melee: Dagger            |    55 |    35 ||    90
       War axe           |       |    70 ||    70
       Hand axe          |       |    73 ||    73
 Fire: Hand crossbow     |    46 |    34 ||    80
 Cast: Slow              |     1 |       ||     1
       Cause Fear        |       |     2 ||     2
       Corona            |       |     1 ||     1
  Use: Scroll            |     2 |    11 ||    13
       Potion            |       |     3 ||     3
 Stab: Sleeping          |     5 |       ||     5
  Eat: Chunk             |    10 |    10 ||    20
Armor: Robe              |     5 |    29 ||    34
Dodge: Dodged            |    57 |   154 ||   211

Table legend:
 A = Spawn XP
 B = Non-spawn XP
 C = Spawn XP percentage of total XP
 D = Spawn monster count
 E = Non-spawn monster count
 F = Spawn count percentage of total count
 G = Total turns spent on level
                    A         B        C        D         E        F      G
               +---------+---------+-------+---------+---------+-------+---------
         Total |       0 |     303 |   0.0 |       0 |      94 |   0.0 |  4148
               +---------+---------+-------+---------+---------+-------+---------
           D:1 |       0 |      41 |   0.0 |       0 |      21 |   0.0 |   657
           D:2 |       0 |      95 |   0.0 |       0 |      20 |   0.0 |  1649
           D:3 |       0 |      85 |   0.0 |       0 |      36 |   0.0 |  1366
           D:4 |       0 |      82 |   0.0 |       0 |      17 |   0.0 |   476
               +---------+---------+-------+---------+---------+-------+---------
